 Dungeon Crawl Stone Soup version 0.26.1-11-gd32895ea62 (webtiles) character file.

Game seed: 8633989540111745197

1019 tardwrangler69 the Geomancer (level 8, -4/57 HPs)
             Began as a White Draconian Earth Elementalist on Apr 13, 2021.
             Shot with an arrow by a centaur (10 damage)
             ... on level 5 of the Dungeon.
             The game lasted 00:05:46 (5567 turns).

tardwrangler69 the Geomancer (DrEE)                 Turns: 5567, Time: 00:05:47

Health: -4/57      AC:  9    Str: 10    XL:     8   Next: 2%
Magic:  15/24      EV: 12    Int: 18    God:
Gold:   63         SH:  0    Dex: 12    Spells: 11/17 levels left

rFire    . . .     SeeInvis .   a - +0 dagger
rCold    + . .     Faith    .   (no shield)
rNeg     . . .     Spirit   .   (armour unavailable)
rPois    .         Reflect  .   (helmet restricted)
rElec    .         Harm     .   q - +1 cloak
rCorr    .         Rampage  .   d - +0 pair of gloves
Will     .....                  (no boots)
Stlth    ++........             o - amulet of the acrobat
HPRegen  0.19/turn              r - ring of magical power
MPRegen  0.19/turn              (no ring)

@: no status effects
A: breathe frost, unfitting armour, cold resistance 1, cold-blooded, AC +6
a: Breathe Frost


You were on level 5 of the Dungeon.
You visited 1 branch of the dungeon, and saw 5 of its levels.

You collected 207 gold pieces.
You spent 144 gold pieces at shops.

Inventory:

Hand Weapons
 a - a +0 dagger (weapon)
Missiles
 b - 77 stones
Armour
 d - a +0 pair of gloves (worn)
 q - a +1 cloak (worn)
Jewellery
 o - an amulet of the acrobat (around neck)
 r - a ring of magical power (left hand)
Scrolls
 e - 2 scrolls of remove curse
 g - 2 scrolls of identify
 j - a scroll of blinking
 l - a scroll of enchant armour
Potions
 c - 2 potions of berserk rage {unknown}
 f - 2 potions of cancellation
 i - a potion of haste {unknown}
 m - 2 potions of mutation {unknown}
 n - a potion of magic {unknown}


   Skills:
 - Level 1.7 Dodging
 - Level 1.7 Stealth
 + Level 5.2 Spellcasting
 - Level 1.0 Transmutations
 * Level 8.2 Earth Magic


You had 11 spell levels left.
You knew the following spells:

 Your Spells              Type           Power        Failure   Level
a - Sandblast             Erth           68%          1%          1
b - Stone Arrow           Conj/Erth      38%          7%          3
c - Passwall              Tmut/Erth      17%          3%          2

Your spell library contained the following spells:

 Spells                   Type           Power        Failure   Level
 Lee's Rapid Deconstruct  Erth           17%          12%         5
 Magic Dart               Conj           16%          13%         1
 Petrify                  Tmut/Erth      21%          19%         4
 Blink                    Tloc           N/A          21%         2
 Call Imp                 Summ           4%           21%         2
 Slow                     Hex            4%           21%         2
 Conjure Flame            Conj/Fire      4%           36%         3
 Mephitic Cloud           Conj/Pois/Air  4%           36%         3


Dungeon Overview and Level Annotations

Branches:
Dungeon (5/15)
 Temple: D:4-7

Altars:
Gozag
Nemelex Xobeh
Uskayaw
Wu Jian
Yredelemnul
The Shining One

Shops:
D:4 =*

Annotations:
D:3 3 runed translucent doors, Thatpatchoflichen's ghost, amateur DsGl


Innate Abilities, Weirdness & Mutations

You can breathe waves of freezing cold.
You can buffet flying creatures when you breathe cold.
Your icy white scales are hard. (AC +6)
You cannot fit into any form of body armour.
Your flesh is cold resistant. (rC+)
You are cold-blooded and may be slowed by cold attacks.


Message History

The centaur shoots an arrow.
The arrow misses you.
The centaur shoots an arrow.
The arrow hits you.
* * * LOW HITPOINT WARNING * * *
Casting: Sandblast (safe; 1% risk of failure)
Confirm with . or Enter, or press ? or * to list all spells.
Aiming: Sandblast (safe; 1% risk of failure)
Press: ? - help, Shift-Dir - straight line, f/p - centaur
Aim: a centaur, wielding a +0 shortbow and quivering 18 arrows (heavily wounded, 11% to evade)
The blast of sand misses the centaur.
The centaur shoots an arrow.
The arrow hits you.
* * * LOW HITPOINT WARNING * * *
Casting: Sandblast (safe; 1% risk of failure)
Confirm with . or Enter, or press ? or * to list all spells.
Aiming: Sandblast (safe; 1% risk of failure)
Press: ? - help, Shift-Dir - straight line, f/p - centaur
Aim: a centaur, wielding a +0 shortbow and quivering 17 arrows (heavily wounded, 11% to evade)
The blast of sand hits the centaur!
The centaur is severely wounded.
The centaur shoots an arrow.
The arrow hits you!
You die...

#.#
#.################
#.................
#(################
#.# #.# #.# #†#
#@# #######
#)##.......
#c.'.$g.g.>
####..h....
....... ......?
....... ###./..
....


You could see a centaur.

Vanquished Creatures
  Grinder (D:5)
  A black bear (D:5)
  2 phantoms
  Blork the orc (D:4)
  A hound (D:5)
  A bullfrog skeleton (D:4)
  Crazy Yiuf (D:4)
  An orc priest (D:4)
  A gnoll shaman (D:5)
  2 centaur skeletons
  A worker ant (D:3)
  A hound skeleton (D:4)
  2 worker ant zombies (D:4)
  A howler monkey zombie (D:5)
  3 gnolls (D:5)
  8 adders
  A howler monkey skeleton (D:4)
  An ufetubus (D:3)
  An ooze (D:4)
  An adder zombie (D:4)
  An adder skeleton (D:4)
  2 dart slugs
  4 leopard geckos
  10 orcs
  5 bats
  5 giant cockroaches
  4 goblins
  A hobgoblin (D:1)
  4 jackals
  8 quokkas
  6 frilled lizards
  4 kobolds
  A leopard gecko skeleton (D:4)
  3 rats
90 creatures vanquished.

Vanquished Creatures (others)
  2 withered plants (D:4)
2 creatures vanquished.

Grand Total: 92 creatures vanquished

Notes
Turn   | Place    | Note
-------+----------+-------------------------------------------
     0 | D:1      | tardwrangler69 the Draconian Earth Elementalist began the
                  | quest for the Orb.
     0 | D:1      | Reached XP level 1. HP: 14/14 MP: 3/3
   240 | D:1      | Reached XP level 2. HP: 20/20 MP: 5/5
   789 | D:2      | Reached XP level 3. HP: 3/26 MP: 0/6
   818 | D:2      | Reached skill level 4 in Earth Magic
  1623 | D:2      | Reached XP level 4. HP: 29/33 MP: 8/8
  1670 | D:2      | Found a glowing golden altar of the Shining One.
  1807 | D:2      | Found a sparkling altar of Nemelex Xobeh.
  2114 | D:3      | Found a hide-covered altar of Uskayaw.
  2687 | D:3      | Found a runed translucent gate.
  2688 | D:3      | Found a runed translucent gate.
  2688 | D:3      | Found an opulent altar of Gozag.
  2689 | D:3      | Found a runed translucent gate.
  2691 | D:3      | Noticed Thatpatchoflichen's ghost (amateur DsGl)
  2713 | D:3      | Found a basalt altar of Yredelemnul.
  3017 | D:3      | Found an ornate altar of the Wu Jian Council.
  3148 | D:3      | Reached skill level 5 in Earth Magic
  3148 | D:3      | Reached XP level 5. HP: 21/38 MP: 3/9
  3538 | D:4      | Noticed a phantom
  3642 | D:3      | Learned a level 3 spell: Stone Arrow
  3645 | D:3      | Learned a level 2 spell: Passwall
  3656 | D:4      | Killed a phantom
  3657 | D:4      | Reached XP level 6. HP: 37/45 MP: 5/11
  3870 | D:4      | Reached skill level 6 in Earth Magic
  3906 | D:4      | Noticed Blork the orc
  4296 | D:4      | Found Bikob's Jewellery Shoppe.
  4340 | D:4      | Killed Blork the orc
  4373 | D:4      | Found Zaeschoo's Assorted Antiques.
  4698 | D:4      | Found a runed translucent door.
  4699 | D:4      | Noticed Crazy Yiuf
  5010 | D:4      | Killed Crazy Yiuf
  5073 | D:4      | Bought a scroll labelled IHEDY KUOTOM for 24 gold pieces
  5073 | D:4      | Bought a runed diamond ring for 120 gold pieces
  5143 | D:5      | Entered Level 5 of the Dungeon
  5153 | D:5      | Noticed Grinder
  5162 | D:5      | Killed Grinder
  5163 | D:5      | Reached skill level 7 in Earth Magic
  5163 | D:5      | Your scales start taking on an icy white colour.
  5163 | D:5      | Reached XP level 7. HP: 25/50 MP: 14/14
  5163 | D:5      | Gained mutation: Your flesh is cold resistant. (rC+) [White
                  | Draconian growth]
  5273 | D:5      | Reached skill level 5 in Spellcasting
  5273 | D:5      | Reached skill level 8 in Earth Magic
  5564 | D:5      | Reached XP level 8. HP: 24/57 MP: 15/15
  5567 | D:5      | Shot with an arrow by a centaur

Illustrated notes

Levels and vault maps discovered:
D:1:      onia_arrival_mini_maze, layout_rooms
D:2:      layout_rooms, marbit_many_paths, nemelex_spade_bored_becter
D:3:      layout_basic, lemuel_doored_altar, lemuel_coloured_pillars_altar,
          old_standard_altar, ebering_ghost_gozag
D:4:      layout_cave_pools, serial_shops, shop, nicolae_shop_crystal,
          serial_undead, serial_undead_e, serial_undead_c, serial_undead_e,
          serial_undead_f, uniq_crazy_yiuf_cottage, uniq_blork_the_orc
D:5:      layout_basic, nemelex_xobeh_ov_fountains_minmay,
          minmay_temple_entry_poolview, serial_rivers,
          chequers_serial_rivers_micro_e, chequers_serial_rivers_micro_e,
          chequers_serial_rivers_micro_a, chequers_serial_rivers_small_a,
          chequers_serial_rivers_large_b, chequers_serial_rivers_room_b,
          item_on_display_a, uniq_sigmund, uniq_grinder, uniq_duvessa

Skill      XL: |  1  2  3  4  5  6  7 |
---------------+----------------------+-----
Earth Magic    | 4 5 7 8 |  8.2
Spellcasting   | 3 4 5 |  5.2
Dodging        | |  1.7
Stealth        | |  1.7
Transmutations | |  1.0

Action                   |  1- 3 |  4- 6 |  7- 9 || total
-------------------------+-------+-------+-------++-------
Melee: Dagger            |   115 |   206 |    31 ||   352
       Unarmed           |    10 |       |       ||    10
       Tailslap          |    12 |    28 |     6 ||    46
 Cast: Sandblast         |    14 |    58 |    26 ||    98
       Stone Arrow       |       |       |     3 ||     3
  Use: Scroll            |       |     7 |       ||     7
 Stab: Sleeping          |     3 |     5 |       ||     8
Armor: Skin              |    44 |   107 |     9 ||   160
Dodge: Dodged            |    99 |   217 |    25 ||   341
